 Dungeon Crawl Stone Soup version 0.18-a0-1121-gb454403 (webtiles) character file.

98 Chiseanne the Skirmisher (level 4, 0/39 HPs)
             Began as a Centaur Air Elementalist on Jan 18, 2016.
             Slain by a hobgoblin
             ... wielding a +0 club
              (2 damage)
             ... on level 3 of the Dungeon.
             The game lasted 00:05:31 (3266 turns).

Chiseanne the Skirmisher (Centaur Air Elementalist) Turns: 3266, Time: 00:05:31

Health: 0/39       AC:  7    Str: 10    XL:     4   Next: 44%
Magic:  1/6        EV:  6    Int: 15    God:
Gold:   107        SH:  0    Dex: 10    Spells: 2 memorised, 3 levels left

rFire  + . .     SeeInvis .     k - +1 short sword
rCold  . . .     Gourm    .     p - +0 scale mail
rNeg   . . .     Faith    .     (no shield)
rPois  .         Spirit   .     j - +0 helmet
rElec  .         Dismiss  .     (no cloak)
rCorr  .         Reflect  .     (no gloves)
SustAt .         Harm     .     (no barding)
MR     .....                    (no amulet)
Stlth  ..........               (no ring)
                                e - ring of protection from fire

@: very slightly contaminated, very quick, not resistant to hostile
enchantments, extremely unstealthy
A: hooves 3, deformed body, speed 2, tough skin 3
a: no special abilities


You were on level 3 of the Dungeon.
You were hungry.

You visited 1 branch of the dungeon, and saw 3 of its levels.

You collected 107 gold pieces.

Inventory:

Hand Weapons
 k - a +1 short sword (weapon)
Missiles
 d - 9 poisoned needles
 g - 15 arrows
 i - 18 bolts
Armour
 j - a +0 helmet (worn)
 p - a +0 scale mail (worn)
Jewellery
 e - a ring of protection from fire (left hand)
Wands
 n - a wand of polymorph (9/24)
Scrolls
 f - a scroll of enchant weapon
 o - a scroll of fear
Potions
 a - a potion of haste {unknown}
 l - a potion of might {unknown}
 m - a potion of heal wounds {unknown}
 r - a potion of curing
Books
 b - a book of Air

   Spells                             Type                      Level
   a - Shock                          Conjuration/Air              1
   b - Swiftness                      Charms/Air                   2
   c - Repel Missiles                 Charms/Air                   2
   d - Static Discharge               Conjuration/Air              3
   e - Lightning Bolt                 Conjuration/Air              5
Comestibles
 c - 4 bread rations
 h - a slice of pizza
 q - a meat ration


   Skills:
 * Level 3.6 Fighting
 * Level 0.8 Armour
 * Level 1.6 Dodging
 - Level 1.2 Stealth
 - Level 1.5 Spellcasting
 - Level 0.8 Conjurations
 - Level 2.6 Air Magic


You had 3 spell levels left.
You knew the following spells:

 Your Spells              Type           Power        Failure   Level  Hunger
a - Shock                 Conj/Air       #...         82%         1    ##.....
b - Repel Missiles        Chrm/Air       #.....       98%         2    ###....


Dungeon Overview and Level Annotations

Branches:
Dungeon (3/15)

Altars:
Dithmenos
Sif Muna


Innate Abilities, Weirdness & Mutations

You have hooves in place of feet.
Armour fits poorly on your strangely shaped body.
You cover ground very quickly.
You have extremely tough skin (AC +3).


Message History

The orc barely misses you.
You hit the orc. Your kick misses the orc.
The orc is almost dead.
The orc hits you with a mace.
* * * LOW HITPOINT WARNING * * *
You hit the orc.
You kill the orc!
You hit the hobgoblin. You kick the hobgoblin.
The hobgoblin is severely wounded.
The hobgoblin hits you with a club.
* * * LOW HITPOINT WARNING * * *
You barely miss the hobgoblin.
The hobgoblin is severely wounded.
The hobgoblin hits you with a club.
* * * LOW HITPOINT WARNING * * *
You hit the hobgoblin.
You kick the hobgoblin, but do no damage.
The hobgoblin is almost dead.
The hobgoblin hits you with a club.
You die...

#...... #?....
#....#
######....######
.........)......
######'########
#<# #g# #@# #.#
#.# #.# #.# ..#
... ... ####


You could see a hobgoblin.

Vanquished Creatures
  4 adders (D:2)
  2 worms (D:2)
  5 orcs
  3 giant cockroaches
  7 goblins
  3 hobgoblins
  2 quokkas
  A ball python (D:2)
  5 bats
  3 giant newts
  9 kobolds
  8 rats
52 creatures vanquished.

Notes
Turn   | Place    | Note
--------------------------------------------------------------
     0 | D:1      | Chiseanne the Centaur Air Elementalist began the quest for the Orb.
     0 | D:1      | Reached XP level 1. HP: 14/14 MP: 3/3
   254 | D:1      | Reached skill level 1 in Fighting
   354 | D:1      | Reached XP level 2. HP: 2/23 MP: 2/4
  1568 | D:2      | Reached XP level 3. HP: 15/30 MP: 0/5
  1725 | D:2      | Learned a level 2 spell: Repel Missiles
  1777 | D:2      | Reached skill level 3 in Fighting
  1816 | D:2      | Found a faded altar to an unknown god.
  2277 | D:2      | Found a shadowy altar of Dithmenos.
  2318 | D:2      | Reached XP level 4. HP: 34/38 MP: 6/6
  2739 | D:3      | Found a deep blue altar of Sif Muna.
  3265 | D:3      | HP: 1/39 [hobgoblin/club (6)]
  3266 | D:3      | Slain by a hobgoblin

Vault maps used:
D:1:      elethiomel_arrival_maze
D:2:      lemuel_doored_altar, ecumenical_altar_1
D:3:      nicolae_ru_sacrificial_ziggurat, lemuel_crystal_altar

Action                   |  1- 3 |  4- 6 || total
-------------------------+-------+-------++-------
Melee: Dagger            |    72 |       ||    72
       Unarmed           |     5 |       ||     5
       Short sword       |    95 |    61 ||   156
 Cast: Shock             |    11 |     2 ||    13
       Repel Missiles    |     1 |       ||     1
Evoke: Wand              |       |     2 ||     2
  Use: Scroll            |     3 |       ||     3
       Potion            |     1 |     1 ||     2
  Eat: Chunk             |     4 |     2 ||     6
